 Dungeon Crawl Stone Soup version 0.29-a0-270-g1586fc07ea (webtiles) character file.

Game seed: 15599286043998160217

1768 fragbeetle the Grappler (level 8, -3/80 HPs)
             Began as a Troll Gladiator on Mar 8, 2022.
             Slain by Maggie
             ... wielding a +0 broad axe of flaming
              (17 damage)
             ... on level 7 of the Dungeon.
             The game lasted 00:08:32 (3990 turns).

fragbeetle the Grappler (Troll Gladiator)           Turns: 3990, Time: 00:08:33

Health: -3/80      AC:  4    Str: 20 (23) XL:     8   Next: 80%
Magic:  7/7        EV: 10    Int:  7 (10) God:
Gold:   291        SH:  0    Dex:  9 (11) Spells: 7/7 levels left

rFire   + . .      SeeInvis .     - Unarmed
rCold   + . .      Faith    .   (no shield)
rNeg    . . .      Spirit   .   a - +0 robe
rPois   +          Reflect  .   b - +0 hat
rElec   +          Harm     .   (no cloak)
rCorr   +          Rampage  .   (gloves unavailable)
Will    .....                   (boots unavailable)
Stlth   +.........              y - amulet of the acrobat
HPRegen 1.03/turn               m - +6 ring of intelligence
MPRegen 0.10/turn               (no ring)

@: brilliant, resistant, flying, mesmerised
A: large, unfitting armour, claws 3, regeneration 1, shaggy fur 1, tough skin 1,
horns 1, dopey 1, MP-powered wands
a: no special abilities


You were on level 7 of the Dungeon.
You visited 1 branch of the dungeon, and saw 7 of its levels.

You collected 291 gold pieces.

Inventory:

Missiles
 c - 5 throwing nets
 d - a large rock
 k - 5 curare-tipped darts
 o - 9 boomerangs (quivered)
Armour
 a - a +0 robe (worn)
 b - a +0 hat (worn)
Jewellery
 m - a +6 ring of intelligence (left claw)
 y - an amulet of the acrobat (around neck)
Wands
 v - a wand of paralysis (5)
Scrolls
 e - 4 scrolls of amnesia {unknown}
 g - a scroll of fear {unknown}
 i - 2 scrolls of teleportation {unknown}
 n - 4 scrolls of identify {unknown}
 r - 3 scrolls of fog {unknown}
 t - a scroll of enchant armour {unknown}
 w - a scroll of blinking {unknown}
Potions
 j - a potion of mutation


   Skills:
 - Level 5.0 Fighting
 - Level 1.8 Throwing
 + Level 3.2 Dodging
 - Level 10.0 Unarmed Combat


You had 7 spell levels left.
You didn't know any spells.
Your spell library contained the following spells:

 Spells                   Type           Power      Damage    Failure   Level
 Magic Dart               Conj           0%         1d3       43%         1
 Slow                     Hex            0%         N/A       43%         1
 Searing Ray              Conj           0%         2d4       56%         2
 Confusing Touch          Hex            0%         N/A       80%         3
 Portal Projectile        Hex/Tloc       0%         N/A       80%         3
 Vampiric Draining        Necr           0%         2d6       80%         3
 Fulminant Prism          Conj/Hex       0%         3d6       99%         4
 Blade Hands              Tmut           0%         N/A       100%        5
 Excruciating Wounds      Necr           0%         N/A       100%        5


Dungeon Overview and Level Annotations

Branches:
Dungeon (7/15)             Temple (0/1) D:7

Altars:
Trog

Annotations:
D:6 Dowan
D:7 Maggie


Innate Abilities, Weirdness & Mutations

You are too large for most types of armour.
You have claws for hands.
Your natural rate of healing is unusually fast.
You are covered in fur. (AC +1)
You have tough skin. (AC +1)
You have a pair of small horns on your head.
You are dopey. (Int -2)
You expend magic power (3 MP) to strengthen your wands.


Message History

You smack the howler monkey!
You kill the howler monkey!
Your Dodging skill increases to level 3!
You barely miss the howler monkey. The howler monkey hits you.
* * * LOW HITPOINT WARNING * * *
You barely miss the howler monkey.
The howler monkey hits you but does no damage.
You barely miss the howler monkey. You pummel the howler monkey!!
You kill the howler monkey!
You start resting.
You hear the slow hiss of a distant avalanche of sand.
You start resting.
Your transformation is almost over.
Maggie the Vainglorious comes into view.
She is wielding a +0 broad axe of flaming.
Okay, then.
Okay, then.
It was a potion of cancellation.
Your magical effects are unravelling.
You feel magically purged.
You feel less wooden.
Your +0 hat unmelds from your body.
Your +0 robe unmelds from your body.
You feel yourself slow down.
It was a potion of brilliance.
You feel clever all of a sudden.
Maggie gestures wildly while chanting.
Maggie attempts to bespell you!
You are mesmerised by Maggie!
Okay, then.
It was a potion of degeneration.
There was something very wrong with that liquid.
You feel weakened.
You feel dopey.
You feel clumsy.
It was a potion of flight.
You feel very buoyant.
You fly up into the air.
It was a potion of resistance.
You feel protected.
It was a potion of magic.
Magic courses through your body.
Maggie hits you with a +0 broad axe of flaming!
You die...

#....# #....# .
#....###...
#............
#....####....
#######........#.#
#...))|.....#....#
#####.####.##.#)#....#
##......# #.##..@@....#
#.......###.##..........
#.........#.##...!..♣.♣.
#.........#.##.......>..
#...[..<..#.######..♣.♣
#.........#.# #....!
#.........# .#...
#...####### .#.# #####


You could see Maggie (mesmerising).

Vanquished Creatures
  A water moccasin (D:7)
  2 sky beasts (D:5)
  2 ogres (D:7)
  A gnoll sergeant (D:4)
  A necrophage (D:5)
  6 scorpions
  4 howler monkeys
  An orc priest (D:4)
  A gnoll shaman (D:7)
  4 iguanas
  4 orc wizards
  24 gnolls
  6 adders
  A worm (D:4)
  5 dart slugs
  17 orcs
  4 endoplasms
  A giant cockroach (D:1)
  9 goblins
  6 hobgoblins
  10 jackals
  9 kobolds
  6 quokkas
  8 ball pythons
  3 bats
  5 frilled lizards
141 creatures vanquished.

Vanquished Creatures (others)
  A wizard (D:4)
1 creature vanquished.

Grand Total: 142 creatures vanquished

Notes
Turn   | Place    | Note
-------+----------+-------------------------------------------
     0 | D:1      | fragbeetle the Troll Gladiator began the quest for the Orb.
     0 | D:1      | Reached XP level 1. HP: 19/19 MP: 0/0
   165 | D:1      | Reached XP level 2. HP: 27/27 MP: 1/1
   271 | D:1      | Reached skill level 4 in Unarmed Combat
   307 | D:1      | Reached XP level 3. HP: 28/33 MP: 2/2
   939 | D:2      | Reached XP level 4. HP: 41/41 MP: 3/3
   996 | D:2      | Reached skill level 5 in Unarmed Combat
  1707 | D:3      | Found a faded altar of an unknown god.
  1708 | D:3      | Noticed a scorpion
  1721 | D:3      | Killed a scorpion
  1722 | D:3      | Reached skill level 6 in Unarmed Combat
  1722 | D:3      | Reached XP level 5. HP: 48/48 MP: 4/4
  2462 | D:4      | Reached XP level 6. HP: 53/55 MP: 5/5
  2526 | D:4      | Reached skill level 7 in Unarmed Combat
  2634 | D:4      | Reached XP level 7. HP: 54/62 MP: 6/6
  2669 | D:4      | Reached skill level 8 in Unarmed Combat
  3073 | D:4      | Found a bloodstained altar of Trog.
  3077 | D:4      | Noticed a wizard
  3082 | D:4      | Killed a wizard
  3126 | D:4      | Reached skill level 9 in Unarmed Combat
  3317 | D:5      | Entered Level 5 of the Dungeon
  3445 | D:5      | Reached XP level 8. HP: 62/70 MP: 7/7
  3451 | D:5      | Reached skill level 10 in Unarmed Combat
  3848 | D:6      | Noticed Dowan
  3885 | D:7      | Found a staircase to the Ecumenical Temple.
  3959 | D:7      | Reached skill level 5 in Fighting
  3966 | D:7      | Gained mutation: You have a pair of small horns on your
                  | head. [potion of mutation]
  3966 | D:7      | Gained mutation: You expend magic power (3 MP) to
                  | strengthen your wands. [potion of mutation]
  3966 | D:7      | Gained mutation: You are dopey. (Int -2) [potion of
                  | mutation]
  3966 | D:7      | HP: 3/80 [howler monkey (2)]
  3971 | D:7      | HP: 3/120 [howler monkey (1)]
  3982 | D:7      | Noticed Maggie
  3990 | D:7      | Slain by Maggie

Illustrated notes

Levels and vault maps discovered:
D:1:      amcnicky_arrival_underground_garden, layout_basic, st_stairs_7,
          minivault_5, nicolae_figureground_pulse
D:2:      layout_rooms, serial_glass, glass_columns_a, glass_columns_b,
          glass_columns_a, glass_columns_c, glass_columns_a, glass_columns_c,
          glass_columns_a, glass_columns_a, glass_columns_a, glass_columns_a,
          glass_columns_c, glass_columns_a, glass_columns_b, glass_columns_c
D:3:      minmay_door_path, layout_loops_corners,
          shapermc_ecumenical_altar_starsandcircs, dreamdust_princess_corridor
D:4:      nicolae_BIG_FREAKIN_CUBE, layout_loops_ring, trog_wizard,
          kennysheep_generic_room_8
D:5:      layout_rooms
D:6:      layout_basic, uniq_duvessa
D:7:      layout_basic, minmay_temple_entry_trees, enter_ossuary_4,
          serial_shops, shop, kennysheep_mini_moat, nicolae_stop_n_shop_2,
          nicolae_shop_bloodbath_and_beyond, uniq_maggie

Skill      XL: |  1  2  3  4  5  6  7  8 |
---------------+-------------------------+-----
Unarmed Combat | 4 6 7 9 10 | 10.0
Fighting       | 5 |  5.0
Dodging        | 3 |  3.2
Throwing       | |  1.8

Action                   |  1- 3 |  4- 6 |  7- 9 || total
-------------------------+-------+-------+-------++-------
Melee: Unarmed           |    78 |   128 |   170 ||   376
       Punch             |     4 |     2 |     7 ||    13
Throw: Boomerang         |       |     3 |       ||     3
       Dart              |       |     2 |       ||     2
  Use: Potion            |       |       |     9 ||     9
 Stab: Sleeping          |     2 |     1 |     1 ||     4
Armor: Robe              |    19 |    47 |    24 ||    90
       Skin              |       |       |     3 ||     3
Dodge: Dodged            |    21 |    63 |    62 ||   146

Table legend: (Time is in decaauts)
 A = Elapsed time spent in this place.
 B = Non-inter-level travel time spent in this place.
 C = Inter-level travel time spent in this place.
 D = Time resting spent in this place.
 E = Time spent auto-exploring this place.
 F = Levels seen in this place.
 G = Mean time per level.
                   A        B        C        D        E       F      G
               +--------+--------+--------+--------+--------+-----+--------+
         Total |   3936 |   3829 |    107 |     35 |   2924 |   7 |  562.3 |
       Dungeon |   3936 |   3829 |    107 |     35 |   2924 |   7 |  562.3 |
               +--------+--------+--------+--------+--------+-----+--------+

Top non-repeatable levels by time:
     D:3: 1119 daAuts
     D:1: 862 daAuts
     D:4: 841 daAuts
     D:2: 464 daAuts
     D:5: 400 daAuts
     D:6: 136 daAuts
     D:7: 110 daAuts
